[Event "Early-Titled-Tuesday-Blitz-August-29-2023"]
[Site "Chess.com"]
[Date "2023.08.29"]
[Round "10"]
[White "Rutricks"]
[Black "Chessmissile07"]
[Result "0-1"]
[WhiteElo "2626"]
[BlackElo "2831"]
[TimeControl "180+1"]
[EndTime "9:53:58 PDT"]
[Termination "Chessmissile07 won by checkmate"]

1. Nf3 d5 2. b3 c5 3. Bb2 f6 4.
e3 e5 5. Bb5+ Bd7 6. Bxd7+ Qxd7 7. d3 Nc6 8. O-O Bd6 9. Qe2 Nge7 10. c4 d4 11. exd4 exd4 12. a3 a5 13. Nbd2 O-O 14. Rfe1 Rfe8 15. Qe6+ Qxe6 16. Rxe6 Nf5 17. Rae1 Kf7 18.
Rxe8 Rxe8 19. Rxe8 Kxe8 20. g4 Nfe7 21. Ne4 Kd7 22. Bc1 Ng6 23. Bd2 b6 24. h3 Nge5 25.
Ne1 Ng6 26. Kf1 Bf4 27. Ng2 Bxd2 28. Nxd2 Ke6 29. f4 f5 30. Nf3 Kf6 31. Kf2 Nge7 32. Kg3 g6 33. Ng5 h6 34. Nf3 Kf7 35. Ngh4 Kg7 36.
gxf5 gxf5 37. Ne5 Nb8 38. Nhf3 Nc8 39. Kh4 Nd6 40. Kh5 Ne8 41. Kh4 Nf6 42. Kg3 Nh5+ 43.
Kh4 Nxf4 44. Kg3 Ne6 45. Kh4 Nf4 46. Kg3 Ne2+ 47. Kf2 Nc1 48. Nd2 Kf6 49. Nef3 Nxd3+ 50. Ke2 Nf4+ 51. Ke1 Nxh3 52. b4 Ng5 53. Nh4 a4 54.
Ng2 Nc6 55. bxc5 bxc5 56. Nf4 Ne6 57. Nd5+ Kf7 58. Nb6 h5 59. Nxa4 h4 60. Kf2 Kf6 61.
Kf3 Ne5+ 62. Kg2 Nf4+ 63. Kf1 Nfd3 64. Nb6 Nc6 65. a4 Na5 66. Kg2 Ne5 67. Kh3 Kg5 68.
Kg2 Kf4 69. Kh3 Ke3 70. Nf1+ Ke2 71. Nh2 d3 72. Nd5 d2 73. Kxh4 Kd3 74. Nf4+ Kxc4 75.
Ng2 Kd3 76. Nf1 d1=Q 77. Nf4+ Kc3 78. Ng3 Qg4# 0-1

[Event "Early-Titled-Tuesday-Blitz-August-29-2023"]
[Site "Chess.com"]
[Date "2023.08.29"]
[Round "10"]
[White "viktorgen2021"]
[Black "leopato"]
[Result "1-0"]
[WhiteElo "2444"]
[BlackElo "2172"]
[TimeControl "180+1"]
[EndTime "9:53:59 PDT"]
[Termination "viktorgen2021 won on time"]

1. e4 c5 2. g3 d5 3. Bg2 dxe4 4.
Bxe4 Nf6 5. Bg2 e5 6. Nc3 Nc6 7. d3 h6 8. h3 Bd6 9. Nge2 O-O 10. O-O Be6 11. Be3 Qd7 12. Kh2 Rad8 13. Ne4 Nxe4 14. dxe4 Qc8 15. Nc3 Nd4 16. Nd5 Bxd5 17. exd5 f5 18.
c3 Nb5 19. a4 Nc7 20. f4 e4 21.
Qb3 Kh8 22. Rf2 b6 23. Bf1 Qb7 24. Bc4 a6 25. Rd1 b5 26. axb5 axb5 27. Bf1 Rb8 28.
Rfd2 Rfd8 29. Qc2 c4 30. g4 fxg4 31. hxg4 Rf8 32. Kg1 Bxf4 33. Bc5 Bxd2 34. Rxd2 Rf4 35. Qd1 Rbf8 36. Be2 R8f7 37. Be3 Nxd5 38. Rxd5 R4f6 39.
g5 Rf5 40. Rd8+ Kh7 41. Qd6 g6 42. Qd4 Rg7 43. gxh6 Rff7 44. hxg7 Rxg7 45. Qf6 g5 46. Bxg5 1-0

[Event "Early-Titled-Tuesday-Blitz-August-29-2023"]
[Site "Chess.com"]
[Date "2023.08.29"]
[Round "10"]
[White "amintabatabaei"]
[Black "Jospem"]
[Result "1-0"]
[WhiteElo "2981"]
[BlackElo "3052"]
[TimeControl "180+1"]
[EndTime "9:54:00 PDT"]
[Termination "amintabatabaei won by resignation"]

1. e4 c5 2. Nf3 d6 3. Bb5+ Nd7 4. O-O a6 5. Bd3 Ngf6 6. Re1 b5 7. Bf1 Bb7 8. a4 Bxe4 9. axb5 axb5 10. Rxa8 Qxa8 11. Bxb5 Bxf3 12. gxf3 e6 13. d4 cxd4 14. Qxd4 Be7 15. Bg5 Qd8 16. Bxf6 gxf6 17. Nd2 Kf8 18. Kh1 Ne5 19. f4 Qa8+ 20. Qe4 Qxe4+ 21. Nxe4 Nf3 22. Ra1 f5 23. Ng3 Kg7 24. Ra7 Bh4 25. Be2 Nd4 26.
Bh5 Rf8 27. c3 Nb3 28. Kg2 Nc5 29. b4 Nd3 30. Kf3 Bf6 31. Rc7 Bd8 32. Rd7 Nb2 33. Rxd6 Bf6 34. Rc6 Re8 35. Rc7 Re7 36. Rxe7 Bxe7 37.
Ne2 Nc4 38. Nd4 Bd6 39. Kg3 Kf6 40. Be2 Nd2 41. Bd3 e5 42. fxe5+ Bxe5+ 43. f4 Bb8 44. c4 h5 45. h4 Ne4+ 46. Bxe4 fxe4 47. c5 Bc7 48.
Nb5 Ba5 49. bxa5 1-0

[Event "Early-Titled-Tuesday-Blitz-August-29-2023"]
[Site "Chess.com"]
[Date "2023.08.29"]
[Round "10"]
[White "krzyzan94"]
[Black "Zhigalko_Sergei"]
[Result "1-0"]
[WhiteElo "2812"]
[BlackElo "2931"]
[TimeControl "180+1"]
[EndTime "9:54:00 PDT"]
[Termination "krzyzan94 won on time"]

1. Nf3 d5 2. g3 c6 3. Bg2 Bg4 4. O-O e6 5. c4 Nf6 6. d3 Be7 7. Nc3 O-O 8. Qb3 Qb6 9. Qc2 Nbd7 10.
Be3 Qa6 11. b3 Rfd8 12. h3 Bxf3 13. exf3 Nf8 14. Ne2 Rd7 15. f4 Rad8 16. Kh2 h5 17. a4 Qa5 18. Bd2 Bb4 19. Bxb4 Qxb4 20. c5 d4 21. a5 h4 22. Ra4 Qb5 23. Rfa1 Qa6 24. Qc4 Qxc4 25. Rxc4 hxg3+ 26. fxg3 a6 27. Raa4 Nd5 28.
Rxd4 Ng6 29. Be4 Nge7 30. g4 f5 31. Bf3 Kf7 32. Kg3 g6 33. Ra1 Nc7 34. Rxd7 Rxd7 35.
d4 Nb5 36. Rd1 Rd8 37. g5 Nd5 38. Bxd5 exd5 39. Kf3 Re8 40. Ng3 Re7 41. h4 Nc3 42. Rh1 Nb5 43. h5 Nxd4+ 44. Kf2 gxh5 45. Rxh5 Kg7 46. Rh6 Rf7 47. Nh5+ Kg8 48. Rd6 1-0

[Event "Early-Titled-Tuesday-Blitz-August-29-2023"]
[Site "Chess.com"]
[Date "2023.08.29"]
[Round "10"]
[White "Inepton_Fermion"]
[Black "Boundless_Strike"]
[Result "0-1"]
[WhiteElo "2375"]
[BlackElo "2513"]
[TimeControl "180+1"]
[EndTime "9:54:01 PDT"]
[Termination "Boundless_Strike won on time"]

1. Nf3 d6 2. d4 e5 3. dxe5 Bg4 4. exd6 Bxd6 5. Bg5 f6 6. Bh4 Qe7 7. Nbd2 Nc6 8. e3 O-O-O 9. Be2 Nh6 10. Bg3 Bxg3 11. hxg3 Nf5 12. Nh2 Bxe2 13. Qxe2 Qb4 14. O-O-O Rhe8 15.
Qg4 g6 16. Qxb4 Nxb4 17. a3 Nc6 18. Ng4 h5 19. Nxf6 Rf8 20. Nfe4 Ne5 21. f3 Nxe3 22. Rdg1 b6 23. b3 Kb7 24. Nf1 Nf5 25. Nfd2 Ne3 26.
Nf1 Nf5 27. Kb2 Rd7 28. Nfd2 Rfd8 29. Kc3 c5 30. Re1 Nc6 31. Nc4 Kc7 32. Kb2 b5 33.
Ne3 Nxe3 34. Rxe3 Kb6 35. Rhe1 b4 36. axb4 cxb4 37. Nf6 Rd2 38. R3e2 R2d6 39. Ne4 Rd4 40. Nf2 a5 41. Nd3 R4d6 42. Re6 Kb5 43. Rxd6 Rxd6 44.
Re4 Nd4 45. Re5+ Kb6 46. Rg5 Ne2 47. Nf4 Rd1 0-1

[Event "Early-Titled-Tuesday-Blitz-August-29-2023"]
[Site "Chess.com"]
[Date "2023.08.29"]
[Round "10"]
[White "salzikis"]
[Black "AnaKuchava"]
[Result "1-0"]
[WhiteElo "2400"]
[BlackElo "2203"]
[TimeControl "180+1"]
[EndTime "9:54:01 PDT"]
[Termination "salzikis won on time"]

1. e4 c5 2. Nf3 d6 3. Bb5+ Bd7 4. c4 Nf6 5. Nc3 Nc6 6. O-O g6 7. d4 cxd4 8. Nxd4 Bg7 9. Nxc6 bxc6 10. Ba4 O-O 11.
Bc2 Qc7 12. Re1 e5 13. b3 Be6 14. Ba3 Rfd8 15. Qe2 Qa5 16. Bb2 Rab8 17. a3 h6 18. b4 Qc7 19. Rac1 Ne8 20. Bb3 a5 21. Na2 axb4 22. axb4 f5 23. exf5 gxf5 24. Bc3 Nf6 25. f3 Ra8 26. Rb1 Ra3 27. Nc1 Kh7 28. Kh1 Rda8 29.
Bb2 R3a7 30. Bc2 Kh8 31. Bd3 Nh5 32. Qc2 Qf7 33. Ne2 Ra2 34. Ra1 Rxa1 35. Rxa1 Rxa1+ 36. Bxa1 Bf6 37. Bb2 Bg7 38. g3 Nf6 39. Kg2 Nd7 40. Ng1 Nb6 41. c5 dxc5 42. bxc5 Nd5 43. Qe2 Nb4 44.
Bb1 Bc4 45. Qe3 Qd5 46. Ne2 Nd3 47. Nc3 Qd4 48. Bxd3 Qxd3 49. Qxd3 Bxd3 50. Na4 e4 51. Bxg7+ Kxg7 52. Kf2 exf3 53. Kxf3 Kf6 54. Kf4 Be4 55. Nb6 Bh1 56. Nd7+ Kg6 57. Ne5+ Kf6 58. Nc4 Bd5 59. Ne3 Be4 60. g4 Kg6 61. gxf5+ 1-0

[Event "Early-Titled-Tuesday-Blitz-August-29-2023"]
[Site "Chess.com"]
[Date "2023.08.29"]
[Round "10"]
[White "slidingknight2775"]
[Black "jinbojinbo"]
[Result "0-1"]
[WhiteElo "2574"]
[BlackElo "2687"]
[TimeControl "180+1"]
[EndTime "9:54:02 PDT"]
[Termination "jinbojinbo won by resignation"]

1. d4 Nf6 2. c4 g6 3. Nc3 Bg7 4. Nf3 d6 5. Bg5 O-O 6. e3 Nbd7 7. Be2 b6 8. Qc2 Bb7 9. O-O h6 10. Bh4 Qe8 11. Rfd1 e5 12. dxe5 dxe5 13. Rac1 Qe6 14. b4 Rfe8 15. Nb5 Rec8 16. c5 Be4 17. Qb3 Bd5 18.
Bc4 Bxc4 19. Qxc4 Qxc4 20. Rxc4 a6 21. Na3 b5 22. Rcc1 c6 23. Nc2 Nd5 24. a3 e4 25.
Nfd4 Ne5 26. Nxc6 Nd3 27. N6d4 Nxc1 28. Rxc1 f5 29. Bg3 Nc3 30. Kf1 a5 31. Ne1 axb4 32.
axb4 Na2 33. Rb1 Nc3 34. Rb3 Bxd4 35. exd4 Nd5 36. Be5 Ra2 37. h3 Kf7 38. Nc2 Rxc2 39. Ra3 Rc1+ 40. Ke2 Rc2+ 41. Kd1 Rxf2 42. Ra7+ Ke8 43.
Rh7 e3 44. Rh8+ Kd7 45. Rh7+ Kc6 46. Ke1 Ra8 47. Rc7+ Nxc7 0-1

[Event "Early-Titled-Tuesday-Blitz-August-29-2023"]
[Site "Chess.com"]
[Date "2023.08.29"]
[Round "10"]
[White "Iunusovnuriddin"]
[Black "AquivaRubinstein"]
[Result "1-0"]
[WhiteElo "2328"]
[BlackElo "2464"]
[TimeControl "180+1"]
[EndTime "9:54:03 PDT"]
[Termination "Iunusovnuriddin won by checkmate"]

1. e4 Nf6 2. e5 Nd5 3. c4 Nb6 4. d4 d6 5. Nf3 Nc6 6. exd6 cxd6 7. Be2 g6 8. O-O Bg7 9. h3 O-O 10. Nc3 e5 11. Be3 Bf5 12. dxe5 dxe5 13. Qxd8 Rfxd8 14. c5 Nd5 15. Nxd5 Rxd5 16. Bc4 Rd7 17. Rad1 Rad8 18.
Rxd7 Rxd7 19. b3 h6 20. g4 Be4 21. Nd2 Bd3 22. Rc1 Bxc4 23. Nxc4 f5 24. f4 e4 25.
gxf5 gxf5 26. Nd6 Nd4 27. Bxd4 Bxd4+ 28. Kf1 Be3 29. Re1 Bxc5 30. Nxf5 Rd2 31. Rxe4 Rxa2 32. Nxh6+ Kg7 33. Ng4 Rb2 34. f5 Rxb3 35. f6+ Kg6 36.
Rf4 Bd6 37. Rf2 Kf7 38. Nh6+ Kf8 39. f7 Rxh3 40. Nf5 Rh1+ 41. Kg2 Be7 42. Nxe7 Rh7 43.
Ng6+ Kg7 44. f8=Q+ Kxg6 45. Rf6+ Kh5 46. Rf5+ Kg6 47.
Qf7+ Kh6 48. Qf6# 1-0

[Event "Early-Titled-Tuesday-Blitz-August-29-2023"]
[Site "Chess.com"]
[Date "2023.08.29"]
[Round "10"]
[White "Nathan_Filgueiras"]
[Black "BashirliSaadat"]
[Result "0-1"]
[WhiteElo "2504"]
[BlackElo "2405"]
[TimeControl "180+1"]
[EndTime "9:54:05 PDT"]
[Termination "BashirliSaadat won by resignation"]

1. e4 c6 2. d4 d5 3. e5 g6 4. Bd3 Bg7 5. Ne2 h5 6. O-O Nh6 7. c4 O-O 8. Nbc3 dxc4 9. Bxc4 c5 10. d5 Ng4 11. e6 fxe6 12. dxe6 Nc6 13. h3 Nge5 14. Bb3 c4 15. Bc2 Bxe6 16. Bg5 Nd3 17. Qd2 Bf5 18. Rad1 Qa5 19. Ng3 Nxb2 20. Nxf5 Bxc3 21.
Nh6+ Kg7 22. Qe2 Qxg5 23. Rd7 Kxh6 24. Rxb7 Nd4 25. Qe4 Nxc2 26. Qxc2 Be5 27. Rd7 c3 28. Rd5 Qf5 29. Qe2 Qf4 30. Rxe5 Rac8 31. Re4 Qf6 32.
Re6 Qg5 33. Re5 Qd2 34. Qb5 c2 35. Qxb2 c1=Q 36. Rxc1 Qxc1+ 37. Qxc1+ Rxc1+ 38. Kh2 Rc2 39. f3 Rxa2 40. Kg3 a5 41. Rxe7 a4 42. h4 a3 43.
Kh3 g5 44. Re6+ Kg7 45. hxg5 Rb2 46. Kh4 a2 47. Ra6 Rxg2 48. Kxh5 Rh2+ 49. Kg4 Rg2+ 50. Kh5 Rh8+ 51. Rh6 Rxh6+ 52. gxh6+ Kh7 0-1

[Event "Early-Titled-Tuesday-Blitz-August-29-2023"]
[Site "Chess.com"]
[Date "2023.08.29"]
[Round "10"]
[White "ItsCheckM8Mate"]
[Black "Carlitus2004"]
[Result "1-0"]
[WhiteElo "2404"]
[BlackElo "2488"]
[TimeControl "180+1"]
[EndTime "9:54:05 PDT"]
[Termination "ItsCheckM8Mate won on time"]

1. d4 d5 2. Nf3 Nf6 3. g3 c5 4.
Bg2 cxd4 5. Nxd4 e5 6. Nf3 Nc6 7. O-O h6 8. c4 Be6 9. Qb3 Na5 10. Qc3 d4 11. Qc2 Bd6 12. c5 Rc8 13. b4 Nc4 14. cxd6 Ne3 15. Qa4+ Bd7 16. Qa3 Nc2 17.
Qxa7 Nxa1 18. Nxe5 O-O 19. Qxd4 Nc2 20. Qd2 Qb6 21. a3 Rfe8 22. Bb2 Bf5 23. d7 Nxd7 24.
Nxd7 Qd8 25. Ne5 Qxd2 26. Nxd2 f6 27. Nec4 b5 28. Nd6 Rcd8 29. Nxe8 Rxd2 30. Bf3 Rd7 31. Rc1 Nd4 32. Bxd4 Rxd4 33. Nc7 Bd7 34. Bc6 Bh3 35. Bxb5 Rd2 36. Bd3 Ra2 37. Nb5 Kf8 38. f3 Ke7 39. g4 h5 40. gxh5 f5 41. Kf2 Kf6 42. Kg3 Kg5 43.
Kxh3 Kxh5 44. Rg1 g5 45. Bxf5 Rd2 46. Bd3 Rb2 47. Nd4 Ra2 48. b5 Rxa3 49. b6 Ra4 50. b7 Rb4 51. Be4 Rb6 52. Nf5 Kg6 53. Rc1 Kh5 54. Kg2 g4 55. fxg4+ Kxg4 56. Rc8 Rb2 57.
Bf3+ 1-0

[Event "Early-Titled-Tuesday-Blitz-August-29-2023"]
[Site "Chess.com"]
[Date "2023.08.29"]
[Round "10"]
[White "stasOR4ik"]
[Black "Veleamater"]
[Result "1/2-1/2"]
[WhiteElo "2475"]
[BlackElo "2340"]
[TimeControl "180+1"]
[EndTime "9:54:06 PDT"]
[Termination "Game drawn - insufficient material"]

1. c4 d6 2. Nc3 g6 3. g3 Bg7 4. Bg2 Nf6 5. h4 O-O 6. e4 Nc6 7. d4 e5 8. d5 Ne7 9. Bg5 h6 10. Be3 Ng4 11. Qd2 f5 12. O-O-O Nxe3 13. fxe3 Bd7 14.
Nge2 a6 15. Kb1 b5 16. cxb5 axb5 17. exf5 gxf5 18. Nc1 e4 19. N3e2 Ng6 20. Nd4 Bxd4 21. Qxd4 Ne5 22. Rhf1 Qe7 23. Bh3 Kh7 24. Rf4 Rf7 25.
Rdf1 Raf8 26. Bg2 Ng4 27. Ne2 Qe5 28. Bxe4 Qxd4 29. Nxd4 Nxe3 30. R1f3 Kg8 31. Rxe3 fxe4 32. Rexe4 Rxf4 33. Rxf4 Re8 34. Kc2 Re3 35. g4 Rh3 36. g5 hxg5 37. hxg5 Rg3 38. Ne6 Bxe6 39. dxe6 Re3 40.
Rf6 Kg7 41. Rf7+ Kg6 42. Rxc7 Rxe6 43. Rc6 Kxg5 44. Rb6 Re2+ 45. Kc3 Re3+ 46. Kd4 Re2 47. Rxb5+ Kf4 48. a4 Rd2+ 49. Kc3 Rd1 50. a5 Ke4 51.
a6 Ra1 52. Rb6 d5 53. b4 d4+ 54. Kb2 Ra4 55. Kb3 Ra1 56. Re6+ Kd5 57. Rb6 d3 58.
Kc3 Ra3+ 59. Kd2 Kc4 60. b5 Ra2+ 61. Ke3 Re2+ 62. Kf3 Re7 63. Rb7 Rxb7 64. axb7 d2 65. b8=Q d1=Q+ 66. Kf4 Qd4+ 67. Kf5 Qc5+ 68. Ke6 Qxb5 69.
Qxb5+ Kxb5 1/2-1/2

[Event "Early-Titled-Tuesday-Blitz-August-29-2023"]
[Site "Chess.com"]
[Date "2023.08.29"]
[Round "10"]
[White "AndreiITrifan"]
[Black "kasun_bole"]
[Result "0-1"]
[WhiteElo "2560"]
[BlackElo "2369"]
[TimeControl "180+1"]
[EndTime "9:54:07 PDT"]
[Termination "kasun_bole won by checkmate"]

1. e4 c5 2. Nf3 d6 3. Bc4 Nf6 4.
d3 a6 5. a4 g6 6. O-O Bg7 7. h3 O-O 8. Re1 e5 9. Nbd2 Nc6 10.
Nf1 Rb8 11. c3 b5 12. axb5 axb5 13. Bb3 h6 14. Ng3 Kh7 15. Bc2 b4 16. Be3 bxc3 17. bxc3 Be6 18. Qd2 Ng8 19. d4 cxd4 20. cxd4 Bb3 21.
d5 Nce7 22. Reb1 Bxc2 23. Qxc2 Rc8 24. Qa4 f5 25. exf5 gxf5 26. Bb6 Qe8 27. Qa3 Qg6 28. Rd1 f4 29. Nf1 Nf5 30. N1d2 Rce8 31. Re1 e4 32. Nxe4 Rxe4 33. Rxe4 Bxa1 34. Qxa1 Nh4 35. Nxh4 Qxe4 36.
Nf3 Rf7 37. Qa8 Rg7 38. Bd4 Qxf3 39. Bxg7 Qd1+ 40. Kh2 Kxg7 41. Qb7+ Kg6 42. Qb8 Qxd5 43. Qe8+ Qf7 44. Qd8 d5 45. Qd6+ Kh7 46. f3 Ne7 47.
Qd7 Kg7 48. h4 h5 49. Kg1 Qf6 50. Qc7 Qxh4 51. Qe5+ Qf6 52. Qxh5 d4 53. Qg4+ Kf7 54. Qd7 Qe5 55. Kh2 Kf6 56. Qd8 Ke6 57. Kg1 Qe3+ 58.
Kh2 d3 59. g3 d2 60. gxf4 Qe2+ 61. Kg3 d1=Q 62. Qb6+ Kf7 63. f5 Qxf3+ 64. Kh2 Qdh1# 0-1

[Event "Early-Titled-Tuesday-Blitz-August-29-2023"]
[Site "Chess.com"]
[Date "2023.08.29"]
[Round "10"]
[White "likantrophuss"]
[Black "Eternauta2400"]
[Result "0-1"]
[WhiteElo "2579"]
[BlackElo "2798"]
[TimeControl "180+1"]
[EndTime "9:54:08 PDT"]
[Termination "Eternauta2400 won by checkmate"]

1. d4 Nf6 2. c4 e6 3. Nf3 d5 4.
g3 c6 5. Bg2 b6 6. O-O Be7 7. Qc2 O-O 8. Nbd2 Bb7 9. b3 Nbd7 10.
Bb2 Rc8 11. e4 c5 12. e5 Ne8 13. cxd5 Bxd5 14. Rac1 Nc7 15. Ne4 h6 16. dxc5 Nxc5 17. Nxc5 Bxc5 18. Qd2 Qe7 19. Qf4 Rfd8 20. h4 Na6 21. Bc3 Ba3 22. Rc2 Rc7 23. Qa4 Nb8 24.
Bb4 Bxb4 25. Rxc7 Qxc7 26. Qxb4 Qc2 27. Nd4 Qxa2 28. Bxd5 Rxd5 29. Rc1 Qa6 30. Rc7 Qa1+ 31. Kh2 Qxd4 32. Qxd4 Rxd4 33. Rc8+ Kh7 34. Rxb8 Rd7 35. h5 g6 36. hxg6+ Kxg6 37. g4 Rd5 38. f4 Rd4 39.
Kg3 Rd3+ 40. Kh4 Rxb3 41. Rb7 a5 42. Ra7 Rb4 43. Kg3 a4 44. Ra6 Rb3+ 45. Kh4 a3 46. Ra7 b5 47. Ra6 Rb4 48. Kg3 Rb3+ 49. Kh4 b4 50. f5+ Kg7 51. Ra7 Kf8 52. Ra8+ Ke7 53. Ra7+ Ke8 54. Ra8+ Kd7 55. Ra7+ Kc6 56. Rxf7 a2 57.
Re7 a1=Q 58. Rxe6+ Kd5 59. Re7 Qh1# 0-1

[Event "Early-Titled-Tuesday-Blitz-August-29-2023"]
[Site "Chess.com"]
[Date "2023.08.29"]
[Round "10"]
[White "Frolyanov_D"]
[Black "reevecanada"]
[Result "1-0"]
[WhiteElo "2631"]
[BlackElo "2521"]
[TimeControl "180+1"]
[EndTime "9:54:10 PDT"]
[Termination "Frolyanov_D won by checkmate"]

1. d4 Nf6 2. c4 g6 3. Nc3 d5 4.
Nf3 c6 5. e3 Bg7 6. Bd3 O-O 7.
O-O Bf5 8. Bxf5 gxf5 9. Qb3 b6 10. Bd2 e6 11. Rac1 Nbd7 12. Rfd1 a6 13. Be1 b5 14. cxd5 cxd5 15. a4 Rb8 16. axb5 axb5 17. Qb4 Qb6 18. Ra1 Rfc8 19. Ne5 Nxe5 20. dxe5 Nd7 21. Ra5 Bxe5 22. Rxb5 Qc7 23. h3 Qc4 24. Rxb8 Rxb8 25. Qxc4 dxc4 26. Rxd7 Rxb2 27. Rd8+ Kg7 28. Rc8 Rb4 29. Kf1 h5 30. f4 Bf6 31. Nd5 Ra4 32. Nxf6 Kxf6 33. Bc3+ Kg6 34.
Kf2 Ra2+ 35. Kf3 Ra4 36. h4 Kh7 37. Rc7 Kg6 38. g3 f6 39. Re7 Ra3 40. Bd4 Ra6 41.
Rc7 Ra4 42. Bc5 Ra1 43. Bf8 Rf1+ 44. Ke2 Rc1 45. Kd2 Rg1 46. Kc3 e5 47. Rg7+ Kh6 48. Ra7+ Kg6 49. Kxc4 exf4 50. gxf4 Rc1+ 51. Kd5 Rd1+ 52.
Ke6 Re1 53. Rg7+ Kh6 54. Rg1+ Kh7 55. Rxe1 Kg8 56. Be7 Kh7 57. Bxf6 Kg6 58. Rg1+ Kh6 59. Kxf5 Kh7 60. Be5 Kh6 61. Ke4 Kh7 62. f5 Kh6 63. f6 Kh7 64. f7 Kh6 65. f8=Q+ Kh7 66. Qg7# 1-0

[Event "Early-Titled-Tuesday-Blitz-August-29-2023"]
[Site "Chess.com"]
[Date "2023.08.29"]
[Round "10"]
[White "TigrVShlyape"]
[Black "Vanina1989"]
[Result "0-1"]
[WhiteElo "2885"]
[BlackElo "2711"]
[TimeControl "180+1"]
[EndTime "9:54:13 PDT"]
[Termination "Vanina1989 won on time"]

1. e4 c6 2. d4 d5 3. e5 c5 4.
dxc5 e6 5. Qg4 h5 6. Qg3 h4 7. Qc3 Nc6 8. Nf3 d4 9. Qc4 Qa5+ 10.
Nbd2 Bxc5 11. a3 Be7 12. Be2 Nxe5 13. Nxe5 Qxe5 14. Nf3 Qa5+ 15. Bd2 Qb6 16. Qxd4 Qxd4 17. Nxd4 Bd7 18. Bf3 O-O-O 19. O-O-O e5 20. Nb3 f5 21. h3 Nf6 22. Rhe1 e4 23. Be2 Bc6 24. Bc4 Bd5 25.
Bxd5 Nxd5 26. c4 Nb6 27. Na5 Rd3 28. Be3 Rhd8 29. Rxd3 Rxd3 30. Rd1 Rxd1+ 31. Kxd1 Bd8 32. Kc2 g5 33. b4 f4 34. Bd4 Nd7 35. Nb3 g4 36. f3 exf3 37. gxf3 gxh3 38. Bg1 Ne5 39. Nd2 Kd7 40. Kc3 Ke6 41. Kd4 Kf5 42. Kd5 Be7 43.
c5 a6 44. a4 Nd3 45. Kc4 Nc1 46. b5 Ne2 47. Bh2 axb5+ 48. axb5 Ng3 49. Kd5 Bd8 50. b6 Kf6 51. Bg1 Ke7 52. Bh2 Kd7 53. Nc4 Be7 54. Ne5+ Kc8 55. Ng6 Bf6 56. Nxf4 Nf1 57. Nxh3 Nxh2 0-1

[Event "Early-Titled-Tuesday-Blitz-August-29-2023"]
[Site "Chess.com"]
[Date "2023.08.29"]
[Round "10"]
[White "Druid24"]
[Black "Grossboss19"]
[Result "1-0"]
[WhiteElo "2661"]
[BlackElo "2508"]
[TimeControl "180+1"]
[EndTime "9:54:13 PDT"]
[Termination "Druid24 won on time"]

1. d4 d5 2. c4 e6 3. Nc3 c6 4. cxd5 cxd5 5. Bf4 Bd6 6. Bxd6 Qxd6 7. e3 Bd7 8. Nf3 Nf6 9. Bd3 O-O 10. O-O Rc8 11.
Rc1 Be8 12. Qb3 Qb6 13. Nxd5 Qxb3 14. Nxf6+ gxf6 15. axb3 Bc6 16. Nd2 Nd7 17. Nc4 Bd5 18. e4 Bxc4 19. bxc4 e5 20. dxe5 fxe5 21. Be2 Nc5 22. Bg4 Rd8 23. Bf5 Rd2 24. Rfd1 Rad8 25. Rxd2 Rxd2 26. h4 a5 27. h5 h6 28. Rc3 Rxb2 29.
Rg3+ Kf8 30. Bh7 a4 31. Rg8+ Ke7 32. Ra8 Ra2 33. Rc8 b6 34. Ra8 a3 35. Ra7+ Kf6 36. Bg8 Ra1+ 37. Kh2 Kg7 38. Bxf7 a2 39. Bd5+ Kf8 40. g4 Nd3 41. g5 Nxf2 42. g6 Ng4+ 43. Kg3 Nf6 44. g7+ Ke8 45. Bf7+ Kd8 46. Kg2 Re1 47. Rxa2 Rxe4 48. g8=Q+ Nxg8 49. Ra8+ Ke7 50. Bxg8 Rh4 51. Kg3 Rxh5 52. Bd5 Rg5+ 53. Kf3 Kd6 54. Rc8 Kd7 55. Rc6 1-0

[Event "Early-Titled-Tuesday-Blitz-August-29-2023"]
[Site "Chess.com"]
[Date "2023.08.29"]
[Round "10"]
[White "igorkovalenko"]
[Black "Firouzja2003"]
[Result "0-1"]
[WhiteElo "2971"]
[BlackElo "3112"]
[TimeControl "180+1"]
[EndTime "9:54:14 PDT"]
[Termination "Firouzja2003 won by resignation"]

1. c4 Nf6 2. Nc3 g6 3. Nf3 Bg7 4. g3 O-O 5. Bg2 d6 6. O-O e5 7. d3 c6 8. h3 Re8 9. e4 h6 10. Be3 Be6 11. Qd2 Kh7 12. Rae1 Nbd7 13. Nh2 Nh5 14.
Ne2 b5 15. b3 Qc7 16. Kh1 a6 17. Rc1 Rad8 18. cxb5 axb5 19. d4 exd4 20. Nxd4 Nc5 21. b4 Bc4 22. Rxc4 bxc4 23. Qc2 Nxe4 24. Bxe4 d5 25.
Bf3 Nxg3+ 26. Kg2 Nxf1 27. Nxf1 Ra8 28. a4 Qa7 29. Nxc6 Qxa4 30. Qxa4 Rxa4 31. Bxd5 c3 32. Bxf7 Rf8 33. Bd5 Ra3 34. Ng3 c2 35. Ne2 Re8 36. Kf3 Bb2 37. b5 c1=Q 38. Nxc1 Bxc1 39. Be4 Bxe3 40. fxe3 Rb3 41. Nd4 Rb4 42. Bc6 Re7 43.
Bd5 Re5 44. Bc6 Rc5 45. Ke4 Kg8 46. Kd3 Kf7 47. e4 Kf6 48. h4 g5 49. hxg5+ hxg5 50. Bd5 Rbxb5 51. Nxb5 Rxb5 52. Kd4 Rb4+ 53. Kc5 Rb8 54.
Kd4 Re8 55. Bc6 Re7 56. Bd5 g4 57. Ke3 Ke5 58. Kf2 Kf4 59. e5 Rxe5 60. Bc6 Rc5 61. Bb7 Rc2+ 62. Kf1 Kg3 63. Bd5 Rc1+ 64. Ke2 Kh2 0-1

[Event "Early-Titled-Tuesday-Blitz-August-29-2023"]
[Site "Chess.com"]
[Date "2023.08.29"]
[Round "10"]
[White "betta2004"]
[Black "GalaxyRoman"]
[Result "1-0"]
[WhiteElo "2561"]
[BlackElo "2690"]
[TimeControl "180+1"]
[EndTime "9:54:16 PDT"]
[Termination "betta2004 won on time"]

1. e4 e5 2. Nf3 Nc6 3. c3 Nf6 4. d4 exd4 5. e5 Ne4 6. cxd4 Bb4+ 7. Nbd2 d5 8. a3 Ba5 9. b4 Bb6 10. Nb3 O-O 11. Bd3 Bg4 12. Be3 Ne7 13. h3 Bh5 14.
O-O f5 15. exf6 Nxf6 16. Be2 Ne4 17. Ne5 Nc3 18. Bxh5 Nxd1 19. Raxd1 Nf5 20. Bg4 a5 21. bxa5 Bxa5 22. Nc5 b6 23. Ne6 Qe7 24. Nxf8 Rxf8 25. Bxf5 Rxf5 26. Nc6 Qd6 27. Nxa5 bxa5 28. Rc1 Qxa3 29.
Rxc7 Rf7 30. Rc8+ Rf8 31. Rc5 a4 32. Rxd5 Ra8 33. Rc1 Qb2 34. Rc7 a3 35. Rdd7 Qb1+ 36. Kh2 a2 37. Rxg7+ Kh8 38. Bf4 Re8 39. Rgf7 Qg6 40.
Be5+ Rxe5 41. Rf8+ Qg8 42. Rxg8+ Kxg8 43. Ra7 Re2 44. Kg3 Kf8 45. Kf3 Rb2 46. Ke3 Ke8 47. g4 Kd8 48. h4 Kc8 49. h5 Kb8 50. Ra4 Kb7 51. f4 Kc6 52. g5 Kb5 53. Ra8 Kb4 54. g6 hxg6 55. hxg6 Rb3+ 56. Ke4 Ra3 57. Rxa3 Kxa3 58.
g7 a1=Q 59. g8=Q Qb1+ 60. Ke5 Qe1+ 61. Kd6 Qe4 62. Qg3+ Kb4 63. d5 Kc4 64. Qg5 Qd4 65.
Qe5 Qb6+ 66. Ke7 Qb7+ 67. Ke6 Qc8+ 68. Kf6 Qf8+ 69. Kg5 Qg8+ 70. Kf5 Qh7+ 71. Ke6 Qg8+ 72. Ke7 Qh7+ 73. Kf6 Qh8+ 74. Kf7 Qh7+ 75. Kf8 Qh6+ 76. Ke8 Qg6+ 77. Kd7 Qf7+ 78. Kd8 Qf8+ 79. Kc7 Qc5+ 80. Kd7 Qb5+ 81. Kd8 Kd3 82. d6 Qb8+ 83. Ke7 1-0

[Event "Early-Titled-Tuesday-Blitz-August-29-2023"]
[Site "Chess.com"]
[Date "2023.08.29"]
[Round "10"]
[White "Casper"]
[Black "parintele_chess"]
[Result "1-0"]
[WhiteElo "2402"]
[BlackElo "2230"]
[TimeControl "180+1"]
[EndTime "9:54:16 PDT"]
[Termination "Casper won on time"]

1. e4 c5 2. d4 e6 3. Be3 cxd4 4.
Bxd4 Nc6 5. Nc3 Nxd4 6. Qxd4 a6 7.
O-O-O Qc7 8. Nf3 Nf6 9. e5 Bc5 10. Qh4 Nd5 11. Rxd5 exd5 12. Nxd5 Qd8 13. Qg3 Kf8 14.
b4 Be7 15. a4 d6 16. Bc4 Be6 17. Rd1 Bxd5 18. Bxd5 Qb6 19. c3 Rc8 20. Kb2 Qc7 21. Rd3 dxe5 22. Nxe5 Bf6 23. f4 Bxe5 24. fxe5 Rd8 25. Qf4 f6 26. Qf5 Qxe5 27. Qf3 Re8 28. Bxb7 Qe2+ 29. Kb3 Qxf3 30. gxf3 Kf7 31. Rd7+ Re7 32.
Rxe7+ Kxe7 33. Bxa6 g5 34. Bb7 h5 35. a5 Kd6 36. a6 Kc7 37. b5 Kb6 38. Kb4 Rh7 39. c4 Rc7 40. Bd5 Ka7 41. c5 Rd7 42. Ka5 Rxd5 43. b6+ Kb8 44. Kb5 Rd1 45. Kc6 Rc1 46.
a7+ Ka8 47. Kd6 Rd1+ 48. Kc7 Rd8 49. Kxd8 1-0

[Event "Early-Titled-Tuesday-Blitz-August-29-2023"]
[Site "Chess.com"]
[Date "2023.08.29"]
[Round "10"]
[White "Mr_November18"]
[Black "Herzog2012"]
[Result "0-1"]
[WhiteElo "1937"]
[BlackElo "2436"]
[TimeControl "180+1"]
[EndTime "9:54:17 PDT"]
[Termination "Herzog2012 won on time"]

1. e4 c5 2. d4 cxd4 3. c3 Nf6 4. e5 Nd5 5. Nf3 Nc6 6. Bc4 Nb6 7. Bb3 d6 8. exd6 Qxd6 9. O-O Be6 10. Bxe6 Qxe6 11. Nxd4 Nxd4 12. Qxd4 Rd8 13. Qh4 Qe2 14. Nd2 h5 15.
Ne4 Rd1 16. Ng3 Rxf1+ 17. Nxf1 Qg4 18. Qg3 Qxg3 19. hxg3 e5 20. Ne3 g6 21. a4 a6 22. a5 Nc8 23. Nd5 Bc5 24. b4 Ba7 25. Bg5 Nd6 26. Re1 Nc4 27. Bf6 O-O 28. Re4 Nd6 29.
Rxe5 Re8 30. Ne7+ Kf8 31. Nd5 Rxe5 32. Bxe5 Ne4 33. Kf1 Bxf2 34. g4 hxg4 35. Ke2 f5 36. Kd3 Kf7 37. Bd4 Bxd4 38. Kxd4 Ke6 39. Nf4+ Kf6 40. c4 g5 41. Nd5+ Ke6 42. Nc7+ Kd6 43. Ne8+ Ke7 44. Ng7 Kf6 45. Ne8+ Ke6 46. Nc7+ Kd7 47. Nd5 Nd2 48. Nf6+ Ke6 49. Nd5 f4 50. Kd3 Nf1 51. Nc3 f3 52. gxf3 gxf3 53. Ne4 g4 0-1